 Dungeon Sprint DCSS version 0.19.1 (webtiles) character file.

3451 equalderp2856 the Ripper (level 9, -7/45 HPs)
             Began as a Felid Fighter on Dec 3, 2016.
             Was the Champion of Lugonu.
             Mangled by a seven-headed hydra (16 damage)
             ... in the Dungeon (Sprint IX: "|||||||||||||||||||||||||||||").
             The game lasted 00:05:22 (2867 turns).

equalderp2856 the Ripper (Felid Fighter)            Turns: 2867, Time: 00:05:23

Health: -7/45      AC:  2    Str: 13    XL:     9   Next: 78%
Magic:  10/10      EV: 31    Int: 11    God:    Lugonu [******]
Gold:   12         SH:  0    Dex: 16    Spells: 0 memorised, 8 levels left
                                        Lives:  0   Deaths: 2

rFire  . . .     SeeInvis +       - Unarmed
rCold  . . .     Gourm    .     (armour unavailable)
rNeg   . . .     Faith    .     (shield unavailable)
rPois  .         Spirit   .     (helmet unavailable)
rElec  .         Reflect  .     (cloak unavailable)
rCorr  .         Harm     .     (gloves unavailable)
MR     +....     NoTele   +     (boots unavailable)
Stlth  ++++......               (no amulet)
                                (no ring)
                                (no ring)

@: quick
A: no armour, no weapons or thrown items, stealth, claws 1, fangs 3, see
invisible, carnivore 3, speed 1, shaggy fur 2, slow metabolism 1, sharp paws
a: Bend Space, Banish, Corrupt, Renounce Religion


You were in the Dungeon.
You worshipped Lugonu.
Lugonu was exalted by your worship.
You were not hungry.

You visited 1 branch You collected 12 gold pieces.

Inventory:

Jewellery
 m - a +3 ring of strength
 n - a +3 ring of dexterity
Wands
 l - a wand of lightning (0/15)
Scrolls
 h - 4 scrolls of blinking
 j - 4 scrolls of remove curse
 k - 2 scrolls of amnesia
 p - a scroll of fog
 q - a scroll of fear
Potions
 a - a potion of might
 c - 2 potions of curing
 d - a potion of invisibility
 e - 2 potions of haste
 f - 4 potions of magic
 g - a potion of berserk rage
 i - 4 potions of heal wounds
 o - 2 potions of agility
Comestibles
 b - 13 meat rations


   Skills:
 + Level 9.2 Fighting
 + Level 15.3 Dodging
 + Level 8.0 Stealth
 + Level 18.5 Unarmed Combat


You had 8 spell levels left.
You didn't know any spells.

Dungeon Overview and Level Annotations

Branches:
Dungeon (1/1)

Altars:
Cheibriados
Dithmenos
Elyvilon
Fedhas
Gozag
Hepliaklqana
Kikubaaqudgha
Makhleb
Nemelex Xobeh
Okawaru
Qazlal
Ru
Sif Muna
Trog
Uskayaw
Vehumet
Xom
Yredelemnul
Zin
The Shining One
Beogh
Jiyva
Lugonu


Innate Abilities, Weirdness & Mutations

You cannot wear armour.
You are incapable of wielding weapons or throwing items.
Your paws allow you to move quietly. (Stealth)
You have sharp claws.
You have razor-sharp teeth.
You have supernaturally acute eyesight. (SInv)
You are carnivorous and can eat meat at any time.
You cover ground quickly.
You are covered in thick fur. (AC +2)
You have a slow metabolism.
Your sharp claws are effective at attacking unaware monsters.


Message History

You hear a mighty clap of thunder!
The bolt of lightning hits the seven-headed hydra.
The seven-headed hydra is severely wounded.
This wand has 0 charges left.
You barely miss the seven-headed hydra.
The seven-headed hydra is severely wounded.
The seven-headed hydra completely misses you.
The seven-headed hydra closely misses you.
The seven-headed hydra bites you.
The seven-headed hydra completely misses you. x2
The seven-headed hydra misses you.
The seven-headed hydra completely misses you.
You scratch the seven-headed hydra. You claw the seven-headed hydra!
The seven-headed hydra is almost dead.
The seven-headed hydra bites you! The seven-headed hydra misses you.
The seven-headed hydra bites you! x2
* * * LOW HITPOINT WARNING * * *
The seven-headed hydra closely misses you.
The seven-headed hydra misses you. The seven-headed hydra bites you!
You die...

▓▓▓▓▓▓▓▓▓▓▓
▓...▓...▓<▓
▓.▓.▓.▓.▓.▓
▓.▓.▓.▓.▓.▓
▓.▓.▓.▓.▓.▓
▓.▓.▓.▓.▓)▓
▓.▓.▓.▓.▓.▓
▓.▓.▓.▓.▓.▓
▓.▓.▓@▓.▓.▓
▓.▓.▓D▓.▓.▓
▓.▓.▓.▓.▓.▓
▓.▓.▓.▓.▓'▓
▓.▓.▓.▓.▓)▓
▓†▓.▓.▓.▓.▓
▓C▓.▓.▓.▓.▓
▓o▓.▓)▓.▓.▓
▓o▓.▓(▓.▓.▓


You could see a seven-headed hydra.

Vanquished Creatures
  A skeletal warrior (D)
  An ugly thing (D)
  A manticore (D)
  3 spiny frogs (D)
  A black mamba (D)
  A komodo dragon (D)
  A polar bear (D)
  A blink frog (D)
  A dream sheep (D)
  2 hippogriffs (D)
  A human (shapeshifter) (D)
  2 yaks (D)
  A porcupine (D)
  2 water moccasins (D)
  A sky beast (D)
  7 black bears (D)
  2 wolves (D)
  2 bullfrogs (D)
  A scorpion (D)
  2 killer bees (D)
  An iguana (D)
  A hell rat (D)
  A worker ant (D)
  An adder zombie (D)
  2 orcs (D)
  A bat zombie (D)
  A giant cockroach (D)
  A goblin (D)
  A hobgoblin (D)
  A ball python zombie (D)
  2 kobolds (D)
  A rat (D)
48 creatures vanquished.

Notes
Turn   | Place    | Note
-------+----------+-------------------------------------------
     0 | D        | equalderp2856 the Felid Fighter began the quest for the Orb.
     0 | D        | Reached XP level 1. HP: 10/10 MP: 2/2
    22 | D        | Noticed a worker ant
    22 | D        | Noticed a sky beast
    25 | D        | Killed a worker ant
    25 | D        | Reached skill level 5 in Dodging
    25 | D        | Reached skill level 6 in Unarmed Combat
    25 | D        | Reached XP level 2. HP: 15/15 MP: 3/3
    28 | D        | Reached XP level 3. HP: 18/18 MP: 4/4
    38 | D        | Killed a sky beast
    38 | D        | Reached skill level 5 in Fighting
    38 | D        | Reached skill level 8 in Unarmed Combat
    38 | D        | Reached XP level 4. HP: 12/23 MP: 5/5
   151 | D        | Found a roughly hewn altar of Beogh.
   151 | D        | Found a snail-covered altar of Cheibriados.
   151 | D        | Found a shadowy altar of Dithmenos.
   151 | D        | Found a white marble altar of Elyvilon.
   151 | D        | Found a blossoming altar of Fedhas.
   151 | D        | Found an opulent altar of Gozag.
   152 | D        | Found a hazy altar of Hepliaklqana.
   153 | D        | Found a viscous altar of Jiyva.
   154 | D        | Found an ancient bone altar of Kikubaaqudgha.
   155 | D        | Found a corrupted altar of Lugonu.
   156 | D        | Found a burning altar of Makhleb.
   157 | D        | Found a sparkling altar of Nemelex Xobeh.
   158 | D        | Found an iron altar of Okawaru.
   159 | D        | Found a stormy altar of Qazlal.
   160 | D        | Found a sacrificial altar of Ru.
   161 | D        | Found a deep blue altar of Sif Muna.
   162 | D        | Found a bloodstained altar of Trog.
   163 | D        | Found a hide-covered altar of Uskayaw.
   164 | D        | Found a radiant altar of Vehumet.
   165 | D        | Found a shimmering altar of Xom.
   180 | D        | Found a basalt altar of Yredelemnul.
   185 | D        | Became a worshipper of Lugonu the Unformed
   185 | D        | Reached * piety under Lugonu
   215 | D        | Found a glowing silver altar of Zin.
   216 | D        | Found a glowing golden altar of the Shining One.
   241 | D        | Noticed a hippogriff
   245 | D        | Reached skill level 9 in Unarmed Combat
   245 | D        | Reached XP level 5. HP: 11/26 MP: 6/6
   269 | D        | Killed a hippogriff
   269 | D        | Reached ** piety under Lugonu
   269 | D        | Reached skill level 11 in Unarmed Combat
   269 | D        | Gained mutation: You are covered in thick fur. (AC +2) [Felid growth]
   269 | D        | Reached XP level 6. HP: 8/31 MP: 7/7
   562 | D        | Reached skill level 12 in Unarmed Combat
   649 | D        | Noticed a human
   649 | D        | Noticed a skeletal warrior
   649 | D        | Noticed a yak
   649 | D        | Noticed a white ugly thing
   649 | D        | Noticed a manticore
   656 | D        | Killed a human
   656 | D        | Reached *** piety under Lugonu
   656 | D        | Reached XP level 7. HP: 36/36 MP: 8/8
   665 | D        | Killed a skeletal warrior
   665 | D        | Reached skill level 1 in Stealth
   665 | D        | Reached skill level 14 in Unarmed Combat
   665 | D        | Reached XP level 8. HP: 33/40 MP: 9/9
   676 | D        | Killed a white ugly thing
   676 | D        | Reached skill level 15 in Unarmed Combat
   678 | D        | Slain by a manticore
   679 | D        | Reached XP level 7. HP: 0/37 MP: 8/8
   697 | D        | Noticed a polar bear
   705 | D        | Reached **** piety under Lugonu
   708 | D        | Reached XP level 8. HP: 40/40 MP: 9/9
  1147 | D        | Killed a polar bear
  1147 | D        | Reached ***** piety under Lugonu
  1147 | D        | Reached skill level 16 in Unarmed Combat
  1169 | D        | Noticed a black mamba
  1169 | D        | Noticed a seven-headed hydra
  1169 | D        | Noticed a dream sheep
  1169 | D        | Noticed a spiny frog
  1170 | D        | Noticed a hippogriff
  1181 | D        | Killed a spiny frog
  1181 | D        | Reached XP level 9. HP: 45/45 MP: 10/10
  1185 | D        | Reached skill level 5 in Stealth
  1460 | D        | Reached skill level 17 in Unarmed Combat
  1465 | D        | Killed a black mamba
  1589 | D        | Noticed a stone giant
  1595 | D        | Mangled by a stone giant
  1596 | D        | Reached XP level 8. HP: -8/42 MP: 9/9
  1698 | D        | Killed a manticore
  1698 | D        | Reached ****** piety under Lugonu
  2196 | D        | Noticed a spiny frog
  2196 | D        | Noticed a blink frog
  2202 | D        | Noticed a komodo dragon
  2204 | D        | Noticed a spiny frog
  2209 | D        | Killed a spiny frog
  2209 | D        | Reached XP level 9. HP: 43/45 MP: 10/10
  2221 | D        | Reached skill level 18 in Unarmed Combat
  2451 | D        | Killed a komodo dragon
  2451 | D        | Reached skill level 15 in Dodging
  2506 | D        | Killed a spiny frog
  2867 | D        | Mangled by a seven-headed hydra

Skill      XL: |  1  2  3  4  5  6  7  8  9 |
---------------+----------------------------+-----
Dodging        | 5 6 7 8 9 12 14 15 | 15.3
Unarmed Combat | 6 8 9 11 12 14 16 18 | 18.5
Fighting       | 4 5 6 7 9 |  9.2
Stealth        | 1 6 8 |  8.0

Action                   |  1- 3 |  4- 6 |  7- 9 || total
-------------------------+-------+-------+-------++-------
Melee: Unarmed           |    24 |    46 |   143 ||   213
       Punch             |     3 |       |    15 ||    18
       Bite              |     2 |     3 |    21 ||    26
Evoke: Wand              |       |       |     7 ||     7
  Use: Potion            |     1 |     3 |     2 ||     6
 Stab: Distracted        |       |       |     1 ||     1
       Sleeping          |       |       |     1 ||     1
Armor: Skin              |       |     1 |     3 ||     4
Dodge: Dodged            |    15 |    59 |   146 ||   220
